[ AOE2 MATCH · #505289841 ]
UnrankedTeutons vs Slavs
Player's team · LOSS
[ REPLAY ANALYSIS · EXTRACTED FROM THE RECORDED GAME ]
Feudal
9:24
Castle
23:56
Imperial
—
| APM avg | 25.6 |
| APM peak | 75 |
| eAPM avg | 17.4 |
| Villagers / military | 123 / 81 |
Focus
⚔️ 30.0% · 🌾 70.0%
Archer ×49 · Skirmisher ×19 · Teutonic Knight ×13
Feudal
11:10
Castle
14:45
Imperial
27:44
| APM avg | 37.2 |
| APM peak | 87 |
| eAPM avg | 20.9 |
| Villagers / military | 159 / 179 |
Focus
⚔️ 42.7% · 🌾 57.3%
Spearman ×156 · Battering Ram ×12 · Militia ×5 · Trebuchet (Packed) ×3 · Mangonel ×2 · Monk ×1
Feudal
11:01
Castle
14:31
Imperial
32:52
| APM avg | 36.6 |
| APM peak | 76 |
| eAPM avg | 18.1 |
| Villagers / military | 147 / 4 |
Focus
⚔️ 30.0% · 🌾 70.0%
Unknown (1944) ×89 · Scout Cavalry ×3 · Monk ×1
Feudal
11:46
Castle
15:22
Imperial
36:20
| APM avg | 55.8 |
| APM peak | 126 |
| eAPM avg | 22.5 |
| Villagers / military | 148 / 85 |
Focus
⚔️ 27.8% · 🌾 72.2%
Knight ×73 · Spearman ×12
Feudal
10:06
Castle
15:02
Imperial
32:06
| APM avg | 54.1 |
| APM peak | 107 |
| eAPM avg | 29.8 |
| Villagers / military | 128 / 65 |
Focus
⚔️ 24.6% · 🌾 75.4%
Hand Cannoneer ×39 · Scout Cavalry ×18 · Monk ×4 · Bombard Cannon ×4
Feudal
10:29
Castle
13:37
Imperial
32:43
| APM avg | 71.2 |
| APM peak | 143 |
| eAPM avg | 27.0 |
| Villagers / military | 130 / 60 |
Focus
⚔️ 52.3% · 🌾 47.7%
Archer ×57 · Spearman ×3 · Unknown (1105) ×2
Feudal
11:53
Castle
15:49
Imperial
21:02
| APM avg | 56.7 |
| APM peak | 125 |
| eAPM avg | 20.7 |
| Villagers / military | 78 / 73 |
Focus
⚔️ 31.5% · 🌾 68.5%
Hand Cannoneer ×60 · Bombard Cannon ×11 · Scorpion ×2
Feudal
10:04
Castle
15:05
Imperial
29:15
| APM avg | 55.6 |
| APM peak | 106 |
| eAPM avg | 27.9 |
| Villagers / military | 132 / 108 |
Focus
⚔️ 21.6% · 🌾 78.4%
Knight ×80 · Skirmisher ×27 · Monk ×1
Match map
Initial resources + every placement click. Lines = walls · curves = elevation contours. ◆ gold · ⬟ stone · ● berries · ✦ relic · ◌ wall gap
Your base· ✓ Closed at 23:56 · 0t walls · 2 gate(s)
ITA | GiaggiaZena's base· ✓ Closed at 14:45 · 0t walls · 2 gate(s)
konstid's base· ✓ Closed at 14:31 · 0t walls · 3 gate(s)
Ux'Tycho0201's base· ✓ Closed at 15:22 · 0t walls · 2 gate(s)
[GDL] Perro del Mal's base· ✓ Closed at 15:02 · 29t walls · 3 gate(s)
Ux'DonChauron's base· ✓ Closed at 13:37 · 0t walls · 3 gate(s)
Chlupinek's base· ✓ Closed at 15:49 · 0t walls · 2 gate(s)
Izuru Alexandros RÆ's base· ✓ Closed at 15:05 · 0t walls · 3 gate(s)
Smoothed initial terrain · ◌ = detected wall gap · hover for details
Inputs per minute
— CTM | Crawly94 - - ITA | GiaggiaZena
Build order — CTM | Crawly94
First 150 of 305 actions detected
| 0:01 | Create | Villager (Male) |
| 0:01 | Create | Villager (Male) |
| 0:02 | Build | House |
| 0:03 | Build | House |
| 0:03 | Create | Villager (Male) |
| 0:04 | Create | Villager (Male) |
| 1:32 | Create | Villager (Male) |
| 1:32 | Create | Villager (Male) |
| 1:51 | Build | Lumber Camp |
| 2:07 | Create | Villager (Male) |
| 2:08 | Create | Villager (Male) |
| 2:08 | Create | Villager (Male) |
| 2:31 | Create | Villager (Male) |
| 3:18 | Create | Villager (Male) |
| 3:18 | Create | Villager (Male) |
| 3:31 | Build | House |
| 3:33 | Build | House |
| 4:06 | Create | Villager (Male) |
| 4:06 | Create | Villager (Male) |
| 4:33 | Create | Villager (Male) |
| 4:33 | Create | Villager (Male) |
| 4:34 | Create | Villager (Male) |
| 4:34 | Create | Villager (Male) |
| 5:35 | Create | Villager (Male) |
| 5:56 | Build | Mill |
| 5:58 | Create | Villager (Male) |
| 6:46 | Research | Loom |
| 7:14 | Research | Feudal Age |
| 7:15 | Research | Feudal Age |
| 7:28 | Build | Mining Camp |
| 8:46 | Create | Villager (Male) |
| 8:49 | Create | Villager (Male) |
| 9:24 | Age | Feudal Age |
| 9:33 | Build | Watch Tower |
| 9:40 | Build | Blacksmith |
| 9:43 | Research | Double-Bit Axe |
| 9:54 | Build | House |
| 9:58 | Create | Villager (Male) |
| 10:36 | Research | Fletching |
| 11:22 | Build | Watch Tower |
| 11:48 | Create | Villager (Male) |
| 11:48 | Create | Villager (Male) |
| 12:14 | Create | Villager (Male) |
| 12:42 | Build | Watch Tower |
| 12:44 | Create | Villager (Male) |
| 12:45 | Create | Villager (Male) |
| 13:38 | Create | Villager (Male) |
| 13:38 | Create | Villager (Male) |
| 13:46 | Build | Market |
| 13:47 | Build | Farm |
| 13:47 | Build | Farm |
| 13:48 | Build | Farm |
| 13:48 | Build | Farm |
| 13:48 | Build | Farm |
| 14:21 | Create | Villager (Male) |
| 14:21 | Create | Villager (Male) |
| 14:49 | Create | Villager (Male) |
| 15:16 | Create | Villager (Male) |
| 16:13 | Create | Villager (Male) |
| 16:13 | Create | Villager (Male) |
| 16:25 | Build | Mining Camp |
| 16:26 | Create | Villager (Male) |
| 16:26 | Create | Villager (Male) |
| 16:42 | Build | House |
| 16:43 | Build | House |
| 16:49 | Create | Villager (Male) |
| 17:13 | Create | Villager (Male) |
| 17:30 | Build | Farm |
| 17:33 | Build | Farm |
| 17:39 | Create | Villager (Male) |
| 18:18 | Build | Farm |
| 18:21 | Build | Farm |
| 19:06 | Build | Mining Camp |
| 19:07 | Create | Villager (Male) |
| 19:13 | Build | Farm |
| 19:18 | Build | Farm |
| 19:34 | Create | Villager (Male) |
| 19:56 | Build | Watch Tower |
| 19:59 | Create | Villager (Male) |
| 20:05 | Build | Farm |
| 20:08 | Build | Farm |
| 20:10 | Build | Farm |
| 20:25 | Create | Villager (Male) |
| 20:27 | Build | House |
| 20:29 | Build | House |
| 20:30 | Build | House |
| 20:32 | Build | House |
| 20:34 | Build | House |
| 20:37 | Build | House |
| 20:38 | Build | House |
| 20:46 | Create | Villager (Male) |
| 21:16 | Research | Castle Age |
| 21:16 | Research | Castle Age |
| 21:38 | Build | Outpost |
| 21:42 | Create | Villager (Male) |
| 22:01 | Research | Horse Collar |
| 23:39 | Create | Villager (Male) |
| 23:56 | Age | Castle Age |
| 23:57 | Build | Castle |
| 23:59 | Create | Villager (Male) |
| 24:06 | Build | Town Center |
| 24:12 | Build | Town Center |
| 24:16 | Build | Town Center |
| 24:47 | Build | Town Center |
| 24:49 | Create | Villager (Male) |
| 25:00 | Create | Villager (Male) |
| 25:08 | Research | Bodkin Arrow |
| 25:13 | Create | Villager (Male) |
| 25:27 | Research | Gold Mining |
| 25:46 | Create | Villager (Male) |
| 25:47 | Create | Villager (Male) |
| 25:50 | Build | Farm |
| 25:53 | Build | Farm |
| 25:54 | Create | Villager (Male) |
| 25:54 | Create | Villager (Male) |
| 26:04 | Create | Villager (Male) |
| 26:11 | Create | Villager (Male) |
| 26:12 | Create | Villager (Male) |
| 26:13 | Create | Villager (Male) |
| 26:27 | Build | Barracks |
| 26:28 | Create | Villager (Male) |
| 26:29 | Create | Villager (Male) |
| 26:42 | Research | Town Watch |
| 26:50 | Create | Teutonic Knight |
| 27:14 | Build | Lumber Camp |
| 27:17 | Create | Villager (Male) |
| 27:18 | Create | Villager (Male) |
| 27:18 | Create | Villager (Male) |
| 27:24 | Build | Farm |
| 27:27 | Build | Farm |
| 27:30 | Build | Farm |
| 27:32 | Build | Farm |
| 27:36 | Build | Farm |
| 27:39 | Build | Farm |
| 27:41 | Create | Villager (Male) |
| 27:41 | Create | Villager (Male) |
| 27:41 | Create | Villager (Male) |
| 27:46 | Build | House |
| 28:05 | Create | Villager (Male) |
| 28:06 | Create | Villager (Male) |
| 28:11 | Build | Farm |
| 28:34 | Build | Archery Range |
| 28:37 | Build | Archery Range |
| 28:38 | Build | Archery Range |
| 28:40 | Create | Villager (Male) |
| 28:40 | Create | Villager (Male) |
| 28:40 | Create | Villager (Male) |
| 28:40 | Create | Villager (Male) |
| 28:41 | Create | Villager (Male) |
| 28:48 | Build | Farm |
Build order — ITA | GiaggiaZena
First 150 of 500 actions detected
| 0:01 | Create | Villager (Male) |
| 0:01 | Create | Villager (Male) |
| 0:02 | Create | Villager (Male) |
| 0:03 | Build | House |
| 0:04 | Build | House |
| 0:27 | Create | Villager (Male) |
| 0:27 | Create | Villager (Male) |
| 1:27 | Create | Villager (Male) |
| 1:27 | Create | Villager (Male) |
| 1:50 | Create | Villager (Male) |
| 1:51 | Create | Villager (Male) |
| 2:14 | Build | Lumber Camp |
| 2:19 | Create | Villager (Male) |
| 2:19 | Create | Villager (Male) |
| 2:55 | Create | Villager (Male) |
| 2:56 | Create | Villager (Male) |
| 2:56 | Create | Villager (Male) |
| 3:31 | Create | Villager (Male) |
| 3:32 | Create | Villager (Male) |
| 3:52 | Build | House |
| 3:55 | Build | House |
| 3:58 | Create | Villager (Male) |
| 3:59 | Create | Villager (Male) |
| 4:23 | Create | Villager (Male) |
| 4:23 | Create | Villager (Male) |
| 4:34 | Build | Mill |
| 4:45 | Build | House |
| 4:49 | Create | Villager (Male) |
| 4:50 | Create | Villager (Male) |
| 5:11 | Create | Villager (Male) |
| 5:11 | Create | Villager (Male) |
| 5:40 | Create | Villager (Male) |
| 5:40 | Create | Villager (Male) |
| 5:57 | Create | Villager (Male) |
| 6:24 | Create | Villager (Male) |
| 6:46 | Build | Farm |
| 6:52 | Build | Farm |
| 6:57 | Build | Farm |
| 7:02 | Create | Villager (Male) |
| 7:02 | Create | Villager (Male) |
| 7:23 | Build | Farm |
| 7:33 | Create | Villager (Male) |
| 7:34 | Create | Villager (Male) |
| 7:52 | Build | Farm |
| 8:02 | Create | Villager (Male) |
| 8:42 | Build | Mining Camp |
| 9:00 | Research | Feudal Age |
| 10:43 | Create | Villager (Male) |
| 11:10 | Age | Feudal Age |
| 11:17 | Build | Market |
| 11:20 | Build | Blacksmith |
| 11:28 | Create | Villager (Male) |
| 12:05 | Research | Castle Age |
| 12:49 | Research | Double-Bit Axe |
| 12:51 | Research | Horse Collar |
| 12:53 | Build | Farm |
| 12:57 | Build | Farm |
| 13:11 | Build | House |
| 14:20 | Create | Villager (Male) |
| 14:45 | Age | Castle Age |
| 14:50 | Build | Siege Workshop |
| 14:52 | Create | Villager (Male) |
| 14:55 | Build | Town Center |
| 15:00 | Research | Bow Saw |
| 15:12 | Create | Villager (Male) |
| 15:28 | Build | House |
| 15:50 | Create | Mangonel |
| 15:50 | Create | Mangonel |
| 15:52 | Create | Villager (Male) |
| 15:59 | Build | Farm |
| 16:03 | Create | Villager (Male) |
| 16:23 | Build | House |
| 16:33 | Create | Villager (Male) |
| 16:33 | Create | Villager (Male) |
| 16:33 | Create | Villager (Male) |
| 16:46 | Build | Town Center |
| 17:07 | Create | Villager (Male) |
| 17:08 | Create | Villager (Male) |
| 17:19 | Build | Farm |
| 17:19 | Build | Farm |
| 17:19 | Build | Farm |
| 17:19 | Build | Farm |
| 17:22 | Create | Villager (Male) |
| 17:22 | Create | Villager (Male) |
| 17:32 | Build | Farm |
| 17:50 | Create | Villager (Male) |
| 17:50 | Create | Villager (Male) |
| 17:50 | Create | Villager (Male) |
| 17:53 | Build | Farm |
| 17:58 | Build | Farm |
| 18:07 | Create | Villager (Male) |
| 18:10 | Build | House |
| 18:12 | Create | Villager (Male) |
| 18:18 | Build | Farm |
| 18:20 | Build | Farm |
| 18:23 | Build | Farm |
| 18:27 | Create | Villager (Male) |
| 18:35 | Build | Farm |
| 18:37 | Create | Villager (Male) |
| 18:37 | Create | Villager (Male) |
| 18:48 | Build | Farm |
| 18:49 | Create | Villager (Male) |
| 18:49 | Create | Villager (Male) |
| 18:52 | Build | House |
| 18:59 | Create | Villager (Male) |
| 19:00 | Create | Villager (Male) |
| 19:09 | Create | Villager (Male) |
| 19:09 | Create | Villager (Male) |
| 19:12 | Build | Farm |
| 19:14 | Build | Farm |
| 19:17 | Build | Farm |
| 19:18 | Create | Villager (Male) |
| 19:21 | Create | Villager (Male) |
| 19:21 | Create | Villager (Male) |
| 19:27 | Build | House |
| 19:32 | Create | Villager (Male) |
| 19:32 | Create | Villager (Male) |
| 19:42 | Build | Monastery |
| 19:43 | Create | Villager (Male) |
| 19:48 | Build | Farm |
| 19:48 | Build | Farm |
| 19:52 | Create | Villager (Male) |
| 19:52 | Create | Villager (Male) |
| 19:52 | Create | Villager (Male) |
| 19:58 | Build | Farm |
| 20:01 | Build | Farm |
| 20:03 | Create | Villager (Male) |
| 20:09 | Build | House |
| 20:11 | Create | Villager (Male) |
| 20:24 | Create | Villager (Male) |
| 20:33 | Create | Villager (Male) |
| 20:39 | Build | Mill |
| 20:40 | Build | Farm |
| 20:40 | Build | Farm |
| 20:41 | Build | Farm |
| 20:41 | Build | Farm |
| 20:41 | Build | Farm |
| 20:41 | Build | Farm |
| 20:42 | Build | Farm |
| 20:42 | Build | Farm |
| 20:44 | Create | Villager (Male) |
| 20:44 | Create | Villager (Male) |
| 20:45 | Create | Villager (Male) |
| 20:45 | Create | Villager (Male) |
| 20:47 | Create | Monk |
| 20:50 | Build | Farm |
| 21:02 | Build | Farm |
| 21:04 | Create | Villager (Male) |
| 21:04 | Create | Villager (Male) |
| 21:08 | Build | House |
Build order — konstid
First 150 of 407 actions detected
| 0:01 | Create | Villager (Male) |
| 0:01 | Create | Villager (Male) |
| 0:01 | Create | Villager (Male) |
| 0:02 | Build | House |
| 0:03 | Build | House |
| 0:12 | Create | Villager (Male) |
| 0:13 | Create | Villager (Male) |
| 1:35 | Create | Villager (Male) |
| 1:49 | Build | Lumber Camp |
| 2:05 | Create | Villager (Male) |
| 2:19 | Create | Villager (Male) |
| 2:19 | Create | Villager (Male) |
| 2:24 | Create | Villager (Male) |
| 3:26 | Create | Villager (Male) |
| 3:26 | Create | Villager (Male) |
| 3:49 | Build | House |
| 4:03 | Build | Mill |
| 4:09 | Create | Villager (Male) |
| 4:09 | Create | Villager (Male) |
| 4:10 | Create | Villager (Male) |
| 4:20 | Create | Villager (Male) |
| 4:20 | Create | Villager (Male) |
| 5:01 | Create | Villager (Male) |
| 5:01 | Create | Villager (Male) |
| 5:22 | Build | House |
| 5:52 | Create | Villager (Male) |
| 6:27 | Create | Villager (Male) |
| 6:50 | Create | Villager (Male) |
| 7:17 | Create | Villager (Male) |
| 7:22 | Build | Farm |
| 7:27 | Build | Farm |
| 7:32 | Create | Villager (Male) |
| 8:13 | Create | Villager (Male) |
| 8:27 | Research | Feudal Age |
| 8:56 | Build | Mining Camp |
| 9:19 | Create | Villager (Male) |
| 9:19 | Create | Villager (Male) |
| 9:23 | Build | House |
| 9:29 | Build | House |
| 10:28 | Build | Barracks |
| 11:01 | Age | Feudal Age |
| 11:04 | Build | Market |
| 11:13 | Build | Stable |
| 11:51 | Research | Castle Age |
| 11:58 | Research | Double-Bit Axe |
| 11:58 | Research | Double-Bit Axe |
| 12:27 | Research | Horse Collar |
| 12:43 | Create | Scout Cavalry |
| 12:51 | Build | Farm |
| 12:57 | Build | Farm |
| 13:01 | Build | Farm |
| 13:29 | Build | Farm |
| 13:32 | Build | Farm |
| 13:34 | Build | Farm |
| 13:36 | Create | Scout Cavalry |
| 13:38 | Build | Farm |
| 14:12 | Build | Farm |
| 14:18 | Build | Farm |
| 14:22 | Create | Scout Cavalry |
| 14:31 | Age | Castle Age |
| 14:34 | Create | Villager (Male) |
| 14:34 | Create | Villager (Male) |
| 14:39 | Build | Monastery |
| 14:50 | Build | Farm |
| 14:52 | Build | Farm |
| 15:02 | Create | Villager (Male) |
| 15:23 | Create | Villager (Male) |
| 15:25 | Create | Monk |
| 15:29 | Build | House |
| 15:43 | Create | Villager (Male) |
| 15:56 | Build | Town Center |
| 16:06 | Build | House |
| 16:08 | Create | Villager (Male) |
| 16:10 | Research | Bow Saw |
| 16:28 | Create | Villager (Male) |
| 16:37 | Create | Unit 1944 |
| 16:40 | Build | House |
| 16:54 | Create | Villager (Male) |
| 17:09 | Create | Villager (Male) |
| 17:12 | Build | Farm |
| 17:12 | Build | Farm |
| 17:12 | Build | Farm |
| 17:21 | Create | Unit 1944 |
| 17:34 | Create | Villager (Male) |
| 17:38 | Build | Farm |
| 17:40 | Build | Farm |
| 17:43 | Create | Villager (Male) |
| 18:03 | Create | Villager (Male) |
| 18:03 | Create | Villager (Male) |
| 18:05 | Build | Farm |
| 18:08 | Build | House |
| 18:29 | Create | Villager (Male) |
| 18:29 | Create | Villager (Male) |
| 18:34 | Build | Town Center |
| 18:58 | Create | Villager (Male) |
| 18:59 | Create | Villager (Male) |
| 19:15 | Build | Town Center |
| 19:22 | Build | House |
| 19:34 | Create | Villager (Male) |
| 19:35 | Create | Villager (Male) |
| 19:45 | Create | Villager (Male) |
| 19:46 | Create | Villager (Male) |
| 19:57 | Create | Villager (Male) |
| 19:57 | Create | Villager (Male) |
| 20:09 | Build | Farm |
| 20:09 | Build | Farm |
| 20:10 | Build | Farm |
| 20:10 | Build | Farm |
| 20:10 | Build | Farm |
| 20:11 | Build | Farm |
| 20:11 | Build | Farm |
| 20:20 | Research | Wheelbarrow |
| 20:20 | Create | Villager (Male) |
| 20:28 | Create | Villager (Male) |
| 20:30 | Create | Villager (Male) |
| 20:32 | Build | Farm |
| 20:37 | Create | Villager (Male) |
| 20:38 | Create | Villager (Male) |
| 20:38 | Create | Villager (Male) |
| 20:41 | Build | Farm |
| 20:42 | Build | Farm |
| 20:45 | Build | Farm |
| 20:46 | Create | Villager (Male) |
| 20:46 | Create | Villager (Male) |
| 20:57 | Build | Mining Camp |
| 21:01 | Create | Villager (Male) |
| 21:01 | Create | Villager (Male) |
| 21:04 | Build | House |
| 21:10 | Create | Unit 1944 |
| 21:17 | Build | Farm |
| 21:18 | Create | Villager (Male) |
| 21:18 | Create | Villager (Male) |
| 21:25 | Build | Farm |
| 21:27 | Build | Farm |
| 21:27 | Build | Farm |
| 21:28 | Create | Villager (Male) |
| 21:50 | Create | Villager (Male) |
| 21:51 | Create | Villager (Male) |
| 21:54 | Research | Heavy Plow |
| 21:54 | Research | Heavy Plow |
| 21:57 | Create | Villager (Male) |
| 21:59 | Build | Farm |
| 22:00 | Build | Farm |
| 22:01 | Create | Villager (Male) |
| 22:01 | Create | Villager (Male) |
| 22:04 | Build | Farm |
| 22:16 | Create | Villager (Male) |
| 22:16 | Create | Villager (Male) |
| 22:29 | Build | Farm |
| 22:32 | Build | House |
Build order — Ux'Tycho0201
First 150 of 384 actions detected
| 0:01 | Create | Villager (Male) |
| 0:01 | Create | Villager (Male) |
| 0:01 | Create | Villager (Male) |
| 0:02 | Create | Villager (Male) |
| 0:02 | Create | Villager (Male) |
| 0:04 | Build | House |
| 0:05 | Build | House |
| 1:24 | Create | Villager (Male) |
| 1:24 | Create | Villager (Male) |
| 1:44 | Create | Villager (Male) |
| 1:57 | Build | Lumber Camp |
| 2:05 | Create | Villager (Male) |
| 2:24 | Create | Villager (Male) |
| 2:48 | Create | Villager (Male) |
| 2:49 | Create | Villager (Male) |
| 3:09 | Create | Villager (Male) |
| 3:09 | Create | Villager (Male) |
| 3:33 | Build | House |
| 3:36 | Create | Villager (Male) |
| 3:36 | Create | Villager (Male) |
| 4:06 | Create | Villager (Male) |
| 4:34 | Build | Mill |
| 4:37 | Create | Villager (Male) |
| 4:57 | Create | Villager (Male) |
| 5:03 | Research | Double-Bit Axe |
| 5:23 | Build | House |
| 5:28 | Create | Villager (Male) |
| 5:59 | Create | Villager (Male) |
| 6:13 | Create | Villager (Male) |
| 6:20 | Build | Mining Camp |
| 6:21 | Create | Villager (Male) |
| 6:45 | Research | Loom |
| 6:48 | Create | Villager (Male) |
| 6:51 | Create | Villager (Male) |
| 7:01 | Create | Villager (Male) |
| 7:18 | Research | Horse Collar |
| 7:18 | Research | Horse Collar |
| 7:26 | Build | House |
| 7:47 | Build | Farm |
| 8:08 | Create | Villager (Male) |
| 8:08 | Create | Villager (Male) |
| 8:19 | Build | Farm |
| 8:55 | Build | Farm |
| 9:25 | Research | Feudal Age |
| 9:25 | Research | Feudal Age |
| 9:36 | Build | Farm |
| 9:39 | Create | Villager (Male) |
| 9:40 | Create | Villager (Male) |
| 9:40 | Research | Loom |
| 10:01 | Build | Farm |
| 10:48 | Build | Farm |
| 11:46 | Age | Feudal Age |
| 11:49 | Build | Blacksmith |
| 11:51 | Build | Market |
| 12:07 | Build | Farm |
| 12:42 | Research | Castle Age |
| 12:43 | Research | Castle Age |
| 12:45 | Build | Barracks |
| 12:52 | Build | Farm |
| 13:18 | Create | Villager (Male) |
| 13:18 | Create | Villager (Male) |
| 13:21 | Build | House |
| 13:48 | Build | Stable |
| 14:13 | Research | Scale Barding Armor |
| 14:13 | Research | Scale Barding Armor |
| 14:43 | Build | Farm |
| 14:52 | Build | Farm |
| 15:04 | Research | Forging |
| 15:22 | Age | Castle Age |
| 15:33 | Create | Knight |
| 15:33 | Create | Knight |
| 15:33 | Create | Knight |
| 15:37 | Create | Villager (Male) |
| 15:52 | Research | Chain Barding Armor |
| 15:56 | Build | Farm |
| 16:01 | Build | Farm |
| 16:02 | Build | Farm |
| 16:05 | Build | Farm |
| 16:09 | Create | Knight |
| 16:09 | Create | Knight |
| 16:20 | Build | House |
| 16:21 | Build | House |
| 16:23 | Create | Villager (Male) |
| 16:41 | Create | Villager (Male) |
| 16:41 | Create | Villager (Male) |
| 16:43 | Create | Villager (Male) |
| 16:47 | Build | Farm |
| 16:52 | Build | Farm |
| 16:59 | Research | Cavalier (upgrade) |
| 17:12 | Build | Farm |
| 17:38 | Create | Knight |
| 17:38 | Create | Knight |
| 17:42 | Create | Villager (Male) |
| 17:46 | Build | Farm |
| 17:56 | Create | Villager (Male) |
| 18:07 | Research | Bow Saw |
| 18:09 | Create | Villager (Male) |
| 18:09 | Create | Villager (Male) |
| 18:16 | Create | Villager (Male) |
| 18:35 | Build | Lumber Camp |
| 18:40 | Create | Knight |
| 18:43 | Research | Husbandry |
| 18:43 | Research | Husbandry |
| 18:44 | Create | Villager (Male) |
| 18:45 | Create | Villager (Male) |
| 19:00 | Create | Villager (Male) |
| 19:00 | Create | Villager (Male) |
| 19:04 | Create | Knight |
| 19:04 | Create | Knight |
| 19:16 | Build | House |
| 19:16 | Build | House |
| 19:29 | Create | Villager (Male) |
| 19:47 | Build | Town Center |
| 19:53 | Create | Villager (Male) |
| 19:58 | Create | Knight |
| 19:59 | Create | Villager (Male) |
| 19:59 | Create | Villager (Male) |
| 20:11 | Build | Farm |
| 20:24 | Create | Villager (Male) |
| 20:33 | Research | Gold Mining |
| 20:33 | Research | Gold Mining |
| 20:38 | Build | House |
| 20:46 | Create | Knight |
| 20:47 | Create | Villager (Male) |
| 20:54 | Build | Farm |
| 21:03 | Build | Farm |
| 21:06 | Create | Villager (Male) |
| 21:11 | Build | House |
| 21:13 | Create | Villager (Male) |
| 21:13 | Create | Villager (Male) |
| 21:16 | Create | Villager (Male) |
| 21:29 | Research | Forging |
| 21:29 | Research | Forging |
| 21:31 | Create | Villager (Male) |
| 21:35 | Build | Farm |
| 21:38 | Build | Farm |
| 21:44 | Build | Farm |
| 21:56 | Build | Farm |
| 21:56 | Build | Farm |
| 22:07 | Build | Stable |
| 22:19 | Create | Villager (Male) |
| 22:25 | Create | Knight |
| 22:25 | Create | Knight |
| 22:25 | Create | Knight |
| 22:26 | Create | Villager (Male) |
| 22:26 | Create | Villager (Male) |
| 22:30 | Build | House |
| 22:30 | Build | House |
| 22:38 | Build | Mining Camp |
| 22:41 | Create | Villager (Male) |
Build order — [GDL] Perro del Mal
First 150 of 343 actions detected
| 0:01 | Create | Villager (Male) |
| 0:02 | Create | Villager (Male) |
| 0:02 | Create | Villager (Male) |
| 0:02 | Create | Villager (Male) |
| 0:03 | Build | House |
| 0:04 | Build | House |
| 1:26 | Create | Villager (Male) |
| 1:26 | Create | Villager (Male) |
| 2:00 | Create | Villager (Male) |
| 2:01 | Create | Villager (Male) |
| 2:29 | Create | Villager (Male) |
| 2:29 | Create | Villager (Male) |
| 2:37 | Build | Lumber Camp |
| 3:00 | Create | Villager (Male) |
| 3:19 | Create | Villager (Male) |
| 3:49 | Build | House |
| 3:54 | Create | Villager (Male) |
| 3:54 | Create | Villager (Male) |
| 4:23 | Create | Villager (Male) |
| 4:24 | Create | Villager (Male) |
| 5:05 | Build | Mill |
| 5:22 | Create | Villager (Male) |
| 5:22 | Create | Villager (Male) |
| 5:49 | Create | Villager (Male) |
| 5:59 | Build | House |
| 6:06 | Create | Villager (Male) |
| 7:07 | Create | Villager (Male) |
| 7:10 | Build | Farm |
| 7:14 | Build | Farm |
| 7:34 | Research | Feudal Age |
| 7:39 | Research | Feudal Age |
| 8:05 | Build | Mining Camp |
| 8:53 | Create | Villager (Male) |
| 8:53 | Create | Villager (Male) |
| 9:53 | Build | House |
| 10:05 | Create | Villager (Male) |
| 10:06 | Age | Feudal Age |
| 10:09 | Build | House |
| 10:13 | Build | Stone Wall |
| 10:18 | Build | Stone Wall |
| 10:20 | Create | Villager (Male) |
| 10:33 | Build | Market |
| 10:36 | Build | Stone Wall |
| 10:53 | Create | Villager (Male) |
| 11:05 | Build | Stone Wall |
| 11:06 | Build | Stone Wall |
| 11:07 | Build | Stone Wall |
| 11:08 | Build | Stone Wall |
| 11:09 | Build | Stone Wall |
| 11:10 | Build | Stone Wall |
| 11:12 | Build | Stone Wall |
| 11:13 | Build | Stone Wall |
| 11:14 | Build | Stone Wall |
| 11:29 | Build | Blacksmith |
| 11:47 | Build | Watch Tower |
| 11:56 | Create | Villager (Male) |
| 12:22 | Research | Castle Age |
| 13:06 | Research | Fletching |
| 13:06 | Research | Fletching |
| 13:22 | Research | Loom |
| 14:00 | Create | Villager (Male) |
| 14:00 | Create | Villager (Male) |
| 14:27 | Build | Stone Wall |
| 14:29 | Build | Stone Wall |
| 14:33 | Build | Stone Wall |
| 15:02 | Age | Castle Age |
| 15:04 | Create | Villager (Male) |
| 15:17 | Build | House |
| 15:21 | Build | Stone Wall |
| 15:26 | Build | House |
| 15:40 | Create | Villager (Male) |
| 15:42 | Build | Siege Workshop |
| 16:16 | Create | Villager (Male) |
| 16:22 | Create | Villager (Male) |
| 17:21 | Build | Farm |
| 17:37 | Build | Mining Camp |
| 17:39 | Create | Villager (Male) |
| 18:06 | Create | Villager (Male) |
| 18:29 | Build | Farm |
| 18:32 | Create | Villager (Male) |
| 18:35 | Build | Farm |
| 18:49 | Research | Double-Bit Axe |
| 18:56 | Build | Farm |
| 19:03 | Build | Farm |
| 19:04 | Create | Villager (Male) |
| 19:29 | Create | Villager (Male) |
| 19:32 | Research | Horse Collar |
| 19:32 | Research | Horse Collar |
| 19:52 | Create | Villager (Male) |
| 19:55 | Build | Farm |
| 19:58 | Build | Farm |
| 20:08 | Build | Farm |
| 20:20 | Create | Villager (Male) |
| 20:43 | Build | Farm |
| 20:47 | Build | Farm |
| 20:48 | Build | Farm |
| 20:49 | Create | Villager (Male) |
| 21:07 | Build | Town Center |
| 21:10 | Create | Villager (Male) |
| 21:16 | Create | Villager (Male) |
| 21:26 | Research | Bow Saw |
| 21:36 | Create | Villager (Male) |
| 21:42 | Build | Farm |
| 21:53 | Create | Villager (Male) |
| 21:57 | Build | Farm |
| 22:15 | Create | Villager (Male) |
| 22:35 | Build | Farm |
| 22:35 | Build | Farm |
| 22:35 | Build | Farm |
| 22:35 | Build | Farm |
| 22:36 | Build | Farm |
| 22:37 | Create | Villager (Male) |
| 22:37 | Create | Villager (Male) |
| 22:52 | Build | Farm |
| 23:01 | Build | Farm |
| 23:04 | Create | Villager (Male) |
| 23:13 | Create | Villager (Male) |
| 23:13 | Create | Villager (Male) |
| 23:31 | Create | Villager (Male) |
| 23:39 | Build | Farm |
| 23:40 | Build | Farm |
| 23:46 | Create | Villager (Male) |
| 24:01 | Build | Monastery |
| 24:05 | Create | Villager (Male) |
| 24:07 | Create | Villager (Male) |
| 24:07 | Create | Villager (Male) |
| 24:13 | Build | Farm |
| 24:18 | Research | Gold Mining |
| 24:23 | Build | House |
| 24:24 | Build | House |
| 24:30 | Create | Villager (Male) |
| 24:40 | Build | Lumber Camp |
| 24:57 | Create | Villager (Male) |
| 24:58 | Create | Villager (Male) |
| 25:04 | Create | Monk |
| 25:11 | Create | Villager (Male) |
| 25:13 | Build | Farm |
| 25:19 | Build | Farm |
| 25:21 | Create | Villager (Male) |
| 25:21 | Create | Villager (Male) |
| 25:35 | Build | House |
| 25:37 | Create | Villager (Male) |
| 25:37 | Create | Villager (Male) |
| 25:48 | Research | Wheelbarrow |
| 25:55 | Build | Town Center |
| 26:07 | Create | Villager (Male) |
| 26:08 | Create | Villager (Male) |
| 26:08 | Create | Villager (Male) |
| 26:09 | Create | Villager (Male) |
| 26:18 | Build | Farm |
Build order — Ux'DonChauron
First 150 of 331 actions detected
| 0:00 | Create | Villager (Male) |
| 0:01 | Create | Villager (Male) |
| 0:01 | Create | Villager (Male) |
| 0:02 | Build | House |
| 0:03 | Create | Villager (Male) |
| 0:04 | Build | House |
| 1:07 | Create | Villager (Male) |
| 1:37 | Create | Villager (Male) |
| 1:43 | Build | Lumber Camp |
| 2:08 | Create | Villager (Male) |
| 2:09 | Create | Villager (Male) |
| 2:32 | Create | Villager (Male) |
| 2:53 | Create | Villager (Male) |
| 3:22 | Create | Villager (Male) |
| 3:26 | Build | House |
| 3:27 | Build | House |
| 3:28 | Build | House |
| 3:41 | Create | Villager (Male) |
| 3:58 | Create | Villager (Male) |
| 4:07 | Create | Villager (Male) |
| 4:44 | Build | Mill |
| 4:51 | Create | Villager (Male) |
| 5:22 | Create | Villager (Male) |
| 6:06 | Create | Villager (Male) |
| 6:18 | Create | Villager (Male) |
| 6:19 | Create | Villager (Male) |
| 6:19 | Create | Villager (Male) |
| 6:21 | Build | Mining Camp |
| 7:03 | Create | Villager (Male) |
| 7:13 | Build | Farm |
| 7:16 | Build | Farm |
| 7:34 | Create | Villager (Male) |
| 7:58 | Create | Villager (Male) |
| 8:03 | Create | Villager (Male) |
| 8:22 | Build | Farm |
| 8:48 | Research | Feudal Age |
| 9:30 | Build | Barracks |
| 9:38 | Create | Villager (Male) |
| 9:38 | Create | Villager (Male) |
| 10:22 | Research | Loom |
| 10:29 | Age | Feudal Age |
| 10:34 | Build | Blacksmith |
| 10:44 | Build | Archery Range |
| 12:01 | Research | Castle Age |
| 12:01 | Research | Castle Age |
| 12:17 | Build | House |
| 12:18 | Build | House |
| 12:26 | Build | Farm |
| 12:32 | Create | Archer |
| 12:37 | Research | Horse Collar |
| 12:46 | Build | Farm |
| 12:51 | Build | House |
| 13:05 | Create | Archer |
| 13:22 | Research | Double-Bit Axe |
| 13:37 | Age | Castle Age |
| 13:41 | Build | Siege Workshop |
| 13:43 | Create | Villager (Male) |
| 14:04 | Create | Villager (Male) |
| 14:10 | Create | Spearman |
| 14:19 | Create | Archer |
| 14:27 | Create | Villager (Male) |
| 14:42 | Create | Unit 1105 |
| 14:42 | Create | Unit 1105 |
| 14:50 | Create | Villager (Male) |
| 14:55 | Build | Farm |
| 14:58 | Create | Villager (Male) |
| 15:10 | Research | Fletching |
| 15:27 | Create | Archer |
| 15:30 | Create | Villager (Male) |
| 15:31 | Create | Villager (Male) |
| 15:33 | Create | Spearman |
| 15:35 | Build | Farm |
| 15:36 | Build | Farm |
| 15:36 | Build | Farm |
| 15:36 | Build | Farm |
| 15:37 | Build | Farm |
| 15:37 | Build | Farm |
| 15:37 | Build | Farm |
| 15:55 | Create | Archer |
| 15:59 | Build | Farm |
| 16:04 | Create | Villager (Male) |
| 16:04 | Create | Villager (Male) |
| 16:21 | Build | Farm |
| 16:23 | Create | Spearman |
| 16:39 | Create | Villager (Male) |
| 16:39 | Create | Villager (Male) |
| 16:54 | Create | Villager (Male) |
| 17:09 | Create | Archer |
| 17:13 | Build | Farm |
| 17:16 | Create | Villager (Male) |
| 17:18 | Build | Farm |
| 17:20 | Build | House |
| 17:32 | Create | Villager (Male) |
| 17:34 | Build | Farm |
| 17:47 | Create | Villager (Male) |
| 17:49 | Build | House |
| 17:51 | Create | Archer |
| 18:23 | Research | Crossbowman (upgrade) |
| 18:23 | Research | Crossbowman (upgrade) |
| 18:28 | Build | Market |
| 18:48 | Create | Villager (Male) |
| 18:50 | Create | Archer |
| 18:50 | Create | Archer |
| 18:57 | Create | Villager (Male) |
| 19:01 | Build | Farm |
| 19:09 | Build | House |
| 19:21 | Research | Bodkin Arrow |
| 19:26 | Create | Villager (Male) |
| 19:29 | Build | House |
| 19:29 | Build | House |
| 19:34 | Create | Archer |
| 19:56 | Create | Villager (Male) |
| 20:02 | Build | Town Center |
| 20:11 | Create | Archer |
| 20:12 | Create | Archer |
| 20:14 | Create | Villager (Male) |
| 20:39 | Create | Villager (Male) |
| 20:54 | Build | Archery Range |
| 20:54 | Create | Archer |
| 20:55 | Create | Villager (Male) |
| 21:02 | Research | Bow Saw |
| 21:21 | Create | Villager (Male) |
| 21:23 | Create | Archer |
| 21:37 | Create | Archer |
| 21:38 | Create | Villager (Male) |
| 21:42 | Build | House |
| 21:43 | Build | House |
| 21:46 | Create | Villager (Male) |
| 21:48 | Create | Villager (Male) |
| 21:56 | Build | Farm |
| 21:59 | Create | Villager (Male) |
| 21:59 | Create | Villager (Male) |
| 22:01 | Create | Archer |
| 22:03 | Create | Archer |
| 22:16 | Create | Villager (Male) |
| 22:16 | Create | Villager (Male) |
| 22:17 | Create | Archer |
| 22:17 | Create | Archer |
| 22:46 | Create | Villager (Male) |
| 22:48 | Research | Town Watch |
| 23:05 | Create | Villager (Male) |
| 23:05 | Create | Archer |
| 23:10 | Build | Town Center |
| 23:11 | Create | Villager (Male) |
| 23:14 | Create | Archer |
| 23:16 | Create | Villager (Male) |
| 23:17 | Create | Archer |
| 23:23 | Create | Archer |
| 23:42 | Create | Villager (Male) |
| 23:51 | Create | Villager (Male) |
Build order — Chlupinek
First 150 of 258 actions detected
| 0:01 | Create | Villager (Male) |
| 0:01 | Create | Villager (Male) |
| 0:01 | Create | Villager (Male) |
| 0:02 | Build | House |
| 0:03 | Build | House |
| 0:08 | Create | Villager (Male) |
| 0:08 | Create | Villager (Male) |
| 1:35 | Create | Villager (Male) |
| 2:12 | Create | Villager (Male) |
| 2:13 | Create | Villager (Male) |
| 2:13 | Create | Villager (Male) |
| 2:13 | Create | Villager (Male) |
| 2:16 | Build | Lumber Camp |
| 2:34 | Create | Villager (Male) |
| 2:34 | Create | Villager (Male) |
| 2:40 | Build | House |
| 3:00 | Create | Villager (Male) |
| 3:00 | Create | Villager (Male) |
| 3:42 | Create | Villager (Male) |
| 3:42 | Create | Villager (Male) |
| 4:28 | Build | House |
| 4:40 | Create | Villager (Male) |
| 4:40 | Create | Villager (Male) |
| 4:41 | Create | Villager (Male) |
| 5:26 | Create | Villager (Male) |
| 5:30 | Create | Villager (Male) |
| 5:56 | Create | Villager (Male) |
| 6:25 | Build | Mill |
| 7:01 | Create | Villager (Male) |
| 7:23 | Create | Villager (Male) |
| 7:23 | Create | Villager (Male) |
| 7:39 | Build | Farm |
| 7:43 | Build | Farm |
| 7:48 | Create | Villager (Male) |
| 7:59 | Build | Farm |
| 8:02 | Create | Villager (Male) |
| 8:15 | Build | House |
| 8:21 | Build | House |
| 8:30 | Create | Villager (Male) |
| 8:36 | Build | Farm |
| 8:38 | Build | Farm |
| 9:19 | Build | Mining Camp |
| 9:40 | Research | Feudal Age |
| 9:40 | Research | Feudal Age |
| 11:17 | Create | Villager (Male) |
| 11:17 | Create | Villager (Male) |
| 11:47 | Build | Farm |
| 11:53 | Age | Feudal Age |
| 11:55 | Build | Market |
| 12:07 | Build | Blacksmith |
| 12:09 | Build | House |
| 12:44 | Create | Villager (Male) |
| 12:49 | Build | Farm |
| 12:49 | Build | Farm |
| 12:58 | Research | Castle Age |
| 12:59 | Research | Castle Age |
| 12:59 | Research | Castle Age |
| 14:14 | Create | Villager (Male) |
| 14:15 | Create | Villager (Male) |
| 14:34 | Create | Villager (Male) |
| 14:34 | Create | Villager (Male) |
| 15:49 | Age | Castle Age |
| 15:56 | Build | Siege Workshop |
| 16:00 | Build | Monastery |
| 16:04 | Build | House |
| 16:26 | Build | Farm |
| 16:39 | Build | House |
| 16:46 | Build | House |
| 17:18 | Build | Mining Camp |
| 17:52 | Research | Imperial Age |
| 17:52 | Research | Imperial Age |
| 18:21 | Create | Scorpion |
| 18:21 | Create | Scorpion |
| 18:38 | Research | Double-Bit Axe |
| 18:38 | Research | Double-Bit Axe |
| 18:38 | Research | Double-Bit Axe |
| 19:10 | Build | Barracks |
| 20:30 | Build | Archery Range |
| 20:34 | Build | Archery Range |
| 20:50 | Create | Villager (Male) |
| 20:50 | Create | Villager (Male) |
| 21:02 | Age | Imperial Age |
| 21:06 | Create | Hand Cannoneer |
| 21:06 | Create | Hand Cannoneer |
| 21:10 | Create | Hand Cannoneer |
| 21:10 | Create | Hand Cannoneer |
| 21:15 | Create | Bombard Cannon |
| 21:15 | Create | Bombard Cannon |
| 21:29 | Create | Villager (Male) |
| 21:41 | Create | Hand Cannoneer |
| 21:42 | Create | Hand Cannoneer |
| 22:01 | Create | Villager (Male) |
| 22:04 | Create | Bombard Cannon |
| 22:05 | Create | Bombard Cannon |
| 22:23 | Build | Farm |
| 22:24 | Create | Villager (Male) |
| 22:26 | Create | Hand Cannoneer |
| 22:27 | Create | Hand Cannoneer |
| 22:33 | Build | Farm |
| 22:35 | Create | Villager (Male) |
| 22:44 | Create | Hand Cannoneer |
| 22:44 | Create | Hand Cannoneer |
| 22:58 | Create | Hand Cannoneer |
| 23:02 | Build | Farm |
| 23:03 | Build | Farm |
| 23:24 | Create | Villager (Male) |
| 23:26 | Create | Hand Cannoneer |
| 23:26 | Create | Hand Cannoneer |
| 23:31 | Create | Bombard Cannon |
| 23:32 | Create | Bombard Cannon |
| 24:23 | Create | Hand Cannoneer |
| 24:23 | Create | Hand Cannoneer |
| 24:38 | Create | Villager (Male) |
| 24:38 | Create | Villager (Male) |
| 24:41 | Create | Bombard Cannon |
| 25:03 | Create | Hand Cannoneer |
| 25:03 | Create | Hand Cannoneer |
| 25:06 | Build | Farm |
| 25:07 | Build | Farm |
| 25:12 | Build | Farm |
| 25:12 | Build | Farm |
| 25:13 | Build | Farm |
| 25:19 | Create | Hand Cannoneer |
| 25:19 | Create | Hand Cannoneer |
| 25:32 | Create | Hand Cannoneer |
| 25:33 | Create | Hand Cannoneer |
| 25:40 | Build | Farm |
| 25:43 | Build | Farm |
| 25:44 | Build | Farm |
| 25:45 | Build | Farm |
| 25:51 | Create | Villager (Male) |
| 26:03 | Build | House |
| 26:27 | Create | Villager (Male) |
| 26:29 | Create | Hand Cannoneer |
| 26:29 | Create | Hand Cannoneer |
| 26:54 | Create | Hand Cannoneer |
| 26:54 | Create | Hand Cannoneer |
| 27:16 | Create | Hand Cannoneer |
| 27:17 | Create | Hand Cannoneer |
| 27:27 | Create | Bombard Cannon |
| 27:28 | Create | Hand Cannoneer |
| 27:28 | Create | Hand Cannoneer |
| 27:29 | Create | Villager (Male) |
| 27:29 | Create | Villager (Male) |
| 27:46 | Build | House |
| 27:47 | Build | House |
| 27:51 | Build | Farm |
| 27:54 | Build | Lumber Camp |
| 28:05 | Create | Hand Cannoneer |
| 28:05 | Create | Hand Cannoneer |
Build order — Izuru Alexandros RÆ
First 150 of 304 actions detected
| 0:02 | Create | Villager (Male) |
| 0:02 | Create | Villager (Male) |
| 0:05 | Build | House |
| 0:06 | Build | House |
| 0:14 | Create | Villager (Male) |
| 0:14 | Create | Villager (Male) |
| 0:21 | Create | Villager (Male) |
| 1:13 | Create | Villager (Male) |
| 1:13 | Create | Villager (Male) |
| 1:45 | Build | Lumber Camp |
| 1:46 | Create | Villager (Male) |
| 2:35 | Create | Villager (Male) |
| 2:35 | Create | Villager (Male) |
| 2:46 | Create | Villager (Male) |
| 2:46 | Create | Villager (Male) |
| 3:18 | Build | House |
| 3:26 | Create | Villager (Male) |
| 3:26 | Create | Villager (Male) |
| 3:26 | Create | Villager (Male) |
| 3:46 | Build | Mill |
| 3:57 | Create | Villager (Male) |
| 4:15 | Create | Villager (Male) |
| 4:16 | Create | Villager (Male) |
| 4:16 | Create | Villager (Male) |
| 4:40 | Create | Villager (Male) |
| 4:41 | Create | Villager (Male) |
| 4:41 | Create | Villager (Male) |
| 4:54 | Create | Villager (Male) |
| 4:54 | Create | Villager (Male) |
| 5:42 | Build | House |
| 6:27 | Create | Villager (Male) |
| 6:55 | Build | Mining Camp |
| 6:58 | Create | Villager (Male) |
| 7:15 | Create | Villager (Male) |
| 7:39 | Research | Feudal Age |
| 9:11 | Build | House |
| 9:21 | Build | House |
| 9:39 | Build | Farm |
| 9:40 | Build | Farm |
| 10:04 | Age | Feudal Age |
| 10:08 | Build | Market |
| 10:14 | Create | Villager (Male) |
| 10:21 | Build | Blacksmith |
| 10:25 | Create | Villager (Male) |
| 10:57 | Build | Farm |
| 11:00 | Create | Villager (Male) |
| 11:30 | Create | Villager (Male) |
| 11:42 | Build | House |
| 11:57 | Create | Villager (Male) |
| 12:40 | Research | Castle Age |
| 12:40 | Research | Castle Age |
| 12:43 | Build | Mining Camp |
| 12:55 | Research | Double-Bit Axe |
| 13:02 | Build | Lumber Camp |
| 13:28 | Build | Farm |
| 13:28 | Build | Farm |
| 13:29 | Build | Farm |
| 13:29 | Build | Farm |
| 13:29 | Build | Farm |
| 13:29 | Build | Farm |
| 13:30 | Build | Farm |
| 13:30 | Build | Farm |
| 13:41 | Build | Farm |
| 13:56 | Research | Horse Collar |
| 15:05 | Age | Castle Age |
| 15:08 | Research | Wheelbarrow |
| 15:14 | Build | Town Center |
| 15:32 | Build | Town Center |
| 15:34 | Create | Villager (Male) |
| 16:21 | Create | Villager (Male) |
| 16:29 | Create | Villager (Male) |
| 16:32 | Create | Villager (Male) |
| 16:33 | Create | Villager (Male) |
| 16:45 | Build | Farm |
| 16:46 | Create | Villager (Male) |
| 16:52 | Create | Villager (Male) |
| 16:59 | Build | Farm |
| 17:10 | Create | Villager (Male) |
| 17:26 | Build | Farm |
| 17:27 | Create | Villager (Male) |
| 17:33 | Build | Farm |
| 17:34 | Build | Farm |
| 17:43 | Create | Villager (Male) |
| 17:45 | Create | Villager (Male) |
| 17:55 | Create | Villager (Male) |
| 17:59 | Build | Farm |
| 18:04 | Build | Barracks |
| 18:10 | Create | Villager (Male) |
| 18:19 | Build | Farm |
| 18:22 | Build | Farm |
| 18:28 | Build | Farm |
| 18:30 | Build | Farm |
| 18:38 | Create | Villager (Male) |
| 18:39 | Create | Villager (Male) |
| 18:45 | Create | Villager (Male) |
| 19:04 | Create | Villager (Male) |
| 19:09 | Build | Stable |
| 19:11 | Build | House |
| 19:29 | Build | Town Center |
| 19:35 | Create | Villager (Male) |
| 19:39 | Build | House |
| 19:40 | Build | House |
| 19:49 | Create | Villager (Male) ×5 |
| 19:59 | Build | Farm |
| 20:01 | Create | Villager (Male) |
| 20:12 | Build | Farm |
| 20:13 | Create | Villager (Male) |
| 20:25 | Research | Town Watch |
| 20:32 | Build | House |
| 20:33 | Build | House |
| 20:36 | Create | Villager (Male) |
| 20:43 | Create | Villager (Male) ×5 |
| 20:48 | Build | Mill |
| 20:49 | Build | Farm |
| 20:50 | Build | Farm |
| 20:50 | Build | Farm |
| 20:50 | Build | Farm |
| 20:50 | Build | Farm |
| 20:50 | Build | Farm |
| 20:51 | Build | Farm |
| 20:59 | Build | Farm |
| 21:01 | Create | Villager (Male) |
| 21:24 | Create | Villager (Male) ×4 |
| 21:35 | Build | Farm |
| 21:38 | Build | Farm |
| 21:46 | Build | Farm |
| 21:46 | Build | Farm |
| 21:46 | Build | Farm |
| 21:46 | Build | Farm |
| 21:47 | Build | Farm |
| 22:16 | Create | Knight |
| 22:18 | Create | Knight |
| 22:21 | Build | Farm |
| 22:23 | Create | Villager (Male) ×5 |
| 22:36 | Create | Villager (Male) ×4 |
| 22:39 | Build | House |
| 22:40 | Build | House |
| 22:41 | Build | House |
| 22:45 | Create | Villager (Male) |
| 22:51 | Build | Farm |
| 22:53 | Build | Farm |
| 23:06 | Build | Farm |
| 23:08 | Build | Farm |
| 23:09 | Build | Farm |
| 23:18 | Create | Villager (Male) ×5 |
| 23:20 | Build | Farm |
| 23:30 | Create | Villager (Male) |
| 23:39 | Build | Outpost |
| 23:42 | Build | Farm |
| 23:43 | Create | Villager (Male) |
Match timeline
| 9:24 | CTM | Crawly94 · age_up feudal |
| 9:30 | Ux'DonChauron · first_building Barracks |
| 10:04 | Izuru Alexandros RÆ · age_up feudal |
| 10:06 | [GDL] Perro del Mal · age_up feudal |
| 10:13 | [GDL] Perro del Mal · wall_segment Stone Wall x1 |
| 10:18 | [GDL] Perro del Mal · wall_segment Stone Wall x7 |
| 10:28 | konstid · first_building Barracks |
| 10:29 | Ux'DonChauron · age_up feudal |
| 10:36 | [GDL] Perro del Mal · wall_segment Stone Wall x3 |
| 10:44 | Ux'DonChauron · first_building Archery Range |
| 11:01 | konstid · age_up feudal |
| 11:05 | [GDL] Perro del Mal · wall_segment Stone Wall x1 |
| 11:06 | [GDL] Perro del Mal · wall_segment Stone Wall x1 |
| 11:07 | [GDL] Perro del Mal · wall_segment Stone Wall x1 |
| 11:08 | [GDL] Perro del Mal · wall_segment Stone Wall x1 |
| 11:09 | [GDL] Perro del Mal · wall_segment Stone Wall x1 |
| 11:10 | ITA | GiaggiaZena · age_up feudal |
| 11:10 | [GDL] Perro del Mal · wall_segment Stone Wall x1 |
| 11:12 | [GDL] Perro del Mal · wall_segment Stone Wall x1 |
| 11:13 | konstid · first_building Stable |
| 11:13 | [GDL] Perro del Mal · wall_segment Stone Wall x1 |
| 11:14 | [GDL] Perro del Mal · wall_segment Stone Wall x1 |
| 11:46 | Ux'Tycho0201 · age_up feudal |
| 11:53 | Chlupinek · age_up feudal |
| 12:01 | [GDL] Perro del Mal · first_market_sell 100 wood |
| 12:45 | Ux'Tycho0201 · first_building Barracks |
| 13:37 | Ux'DonChauron · age_up castle |
| 13:41 | Ux'DonChauron · first_building Siege Workshop |
| 13:48 | Ux'Tycho0201 · first_building Stable |
| 14:27 | [GDL] Perro del Mal · wall_segment Stone Wall x1 |
| 14:29 | [GDL] Perro del Mal · wall_segment Stone Wall x1 |
| 14:31 | konstid · age_up castle |
| 14:33 | [GDL] Perro del Mal · wall_segment Stone Wall x7 |
| 14:39 | konstid · first_building Monastery |
| 14:45 | ITA | GiaggiaZena · age_up castle |
| 14:50 | ITA | GiaggiaZena · first_building Siege Workshop |
| 15:02 | [GDL] Perro del Mal · age_up castle |
| 15:05 | Izuru Alexandros RÆ · age_up castle |
| 15:21 | [GDL] Perro del Mal · wall_segment Stone Wall x1 |
| 15:22 | Ux'Tycho0201 · age_up castle |
| 15:42 | [GDL] Perro del Mal · first_building Siege Workshop |
| 15:49 | Chlupinek · age_up castle |
| 15:56 | Chlupinek · first_building Siege Workshop |
| 16:00 | Chlupinek · first_building Monastery |
| 16:41 | ITA | GiaggiaZena · first_market_buy 100 wood |
| 16:43 | Ux'Tycho0201 · first_market_buy 100 food |
| 17:47 | Chlupinek · first_market_buy 100 food |
| 17:48 | Chlupinek · first_market_sell 100 stone |
| 18:04 | [GDL] Perro del Mal · first_market_buy 100 food |
| 18:04 | Izuru Alexandros RÆ · first_building Barracks |
| 18:42 | Izuru Alexandros RÆ · first_market_buy 100 wood |
| 19:08 | konstid · first_market_sell 100 food |
| 19:08 | konstid · first_market_buy 100 stone |
| 19:09 | Izuru Alexandros RÆ · first_building Stable |
| 19:10 | Chlupinek · first_building Barracks |
| 19:15 | Ux'DonChauron · first_market_buy 100 food |
| 19:42 | ITA | GiaggiaZena · first_building Monastery |
| 20:30 | Chlupinek · first_building Archery Range |
| 20:59 | CTM | Crawly94 · first_market_sell 100 stone |
| 21:02 | Chlupinek · age_up imperial |
| 21:03 | CTM | Crawly94 · first_market_buy 100 food |
| 23:56 | CTM | Crawly94 · age_up castle |
| 23:57 | CTM | Crawly94 · first_building Castle |
| 24:01 | [GDL] Perro del Mal · first_building Monastery |
| 24:31 | ITA | GiaggiaZena · first_market_sell 100 food |
| 24:59 | ITA | GiaggiaZena · first_building Barracks |
| 25:44 | Ux'DonChauron · first_building Monastery |
| 25:49 | Izuru Alexandros RÆ · first_building Monastery |
| 26:27 | CTM | Crawly94 · first_building Barracks |
| 26:44 | ITA | GiaggiaZena · first_building Castle |
| 27:44 | ITA | GiaggiaZena · age_up imperial |
| 28:34 | CTM | Crawly94 · first_building Archery Range |
| 29:02 | konstid · first_building Castle |
| 29:12 | [GDL] Perro del Mal · first_building Barracks |
| 29:15 | Izuru Alexandros RÆ · age_up imperial |
| 29:27 | konstid · wall_segment Stone Wall x1 |
| 30:01 | Ux'Tycho0201 · first_building Monastery |
| 30:18 | konstid · first_building Siege Workshop |
| 30:34 | Ux'DonChauron · first_market_sell 100 wood |
| 30:52 | [GDL] Perro del Mal · first_building Archery Range |
| 31:08 | Ux'DonChauron · first_building Castle |
| 31:10 | Izuru Alexandros RÆ · first_building Archery Range |
| 32:06 | [GDL] Perro del Mal · age_up imperial |
| 32:16 | Izuru Alexandros RÆ · tribute_sent a jugador 1 |
| 32:16 | Izuru Alexandros RÆ · tribute_sent a jugador 2 |
| 32:16 | Izuru Alexandros RÆ · tribute_sent a jugador 3 |
| 32:16 | Izuru Alexandros RÆ · tribute_sent a jugador 4 |
| 32:16 | Izuru Alexandros RÆ · tribute_sent a jugador 5 |
| 32:16 | Izuru Alexandros RÆ · tribute_sent a jugador 6 |
| 32:16 | Izuru Alexandros RÆ · tribute_sent a jugador 7 |
| 32:38 | Ux'Tycho0201 · first_market_sell 100 wood |
| 32:39 | [GDL] Perro del Mal · first_building Stable |
| 32:43 | Ux'DonChauron · age_up imperial |
| 32:52 | konstid · age_up imperial |
| 33:16 | Ux'Tycho0201 · tribute_sent a jugador 1 |
| 33:16 | Ux'Tycho0201 · tribute_sent a jugador 2 |
| 33:16 | Ux'Tycho0201 · tribute_sent a jugador 3 |
| 33:16 | Ux'Tycho0201 · tribute_sent a jugador 5 |
| 33:16 | Ux'Tycho0201 · tribute_sent a jugador 6 |
| 33:16 | Ux'Tycho0201 · tribute_sent a jugador 7 |
| 33:16 | Ux'Tycho0201 · tribute_sent a jugador 8 |
| 33:59 | Izuru Alexandros RÆ · first_market_sell 100 food |
| 34:49 | Ux'Tycho0201 · first_building Archery Range |
| 35:39 | Izuru Alexandros RÆ · first_building Siege Workshop |
| 36:20 | Ux'Tycho0201 · age_up imperial |
| 37:07 | Ux'Tycho0201 · first_building Castle |
| 38:17 | Ux'DonChauron · resign |
[ AI ANALYSIS · 1 CREDIT ]
What really happened in this match?
Wolo.gg analyzes every decision: build order, eco, micro, common mistakes by bracket. Personalized analysis on WhatsApp or Discord in 30 seconds.
Civ guide
Teutons
Perfil
Jugador #20107364